 Dungeon Crawl Stone Soup version 0.20.1-1-g8b1a95d (webtiles) character file.

13414 Mesmaeker13 the Fighter (level 12, -7/119 HPs)
             Began as an Ogre Fighter on Oct 8, 2017.
             Was an Elder of Hepliaklqana.
             Mangled by a four-headed hydra (11 damage)
             ... on level 1 of the Lair of Beasts.
             The game lasted 00:25:35 (12429 turns).

Mesmaeker13 the Fighter (Ogre Fighter)             Turns: 12429, Time: 00:25:36

Health: -7/119     AC:  5    Str: 23    XL:     12   Next: 5%
Magic:  18/18      EV: 12    Int: 12    God:    Hepliaklqana [****..]
Gold:   407        SH:  9    Dex:  9    Spells: 11/11 levels left

rFire    + . .     SeeInvis .   J - +0 flail (protect)
rCold    . . .     Gourm    .   c - +0 shield
rNeg     . . .     Faith    .   G - +0 robe {MR+}
rPois    .         Spirit   .   s - +2 hat
rElec    .         Reflect  .   (no cloak)
rCorr    +         Harm     .   (gloves unavailable)
MR       ++...                  (boots unavailable)
Stlth    +.........             l - amulet of regeneration
Regen    0.7/turn               o - ring of resist corrosion
MPRegen  0.2/turn               z - ring of protection from fire

@: no status effects
A: unfitting armour, reduced essence, tough skin 1
a: Recall Ancestor, Ancestor Identity, Transference, Idealise, Renounce Religion


You were on level 1 of the Lair of Beasts.
You worshipped Hepliaklqana.
Hepliaklqana was greatly pleased with you.
You were not hungry.

You visited 2 branches of the dungeon, and saw 11 of its levels.

You collected 517 gold pieces.
You spent 110 gold pieces at shops.

Inventory:

Hand Weapons
 a - a +2 whip of venom
 w - a +1 flail of crushing
 A - a +2 war axe of flaming
 J - a +0 flail of protection (weapon)
Missiles
 n - 349 stones
 B - 10 poisoned tomahawks
 M - 3 large rocks (quivered)
 N - 11 tomahawks
Armour
 c - a +0 shield (worn)
 s - a +2 hat (worn)
 G - a +0 robe of magic resistance (worn)
Jewellery
 l - an amulet of regeneration (around neck)
 o - a ring of resist corrosion (left hand)
 z - a ring of protection from fire (right hand)
 P - an uncursed amulet of rage
Scrolls
 b - a scroll of amnesia
 g - 2 scrolls of remove curse
 i - 2 scrolls of magic mapping
 q - 2 scrolls of enchant weapon
 r - a scroll of fear {unknown}
 t - 2 scrolls of blinking {unknown}
 y - 2 scrolls of identify
 C - 2 scrolls of enchant armour
 D - 3 scrolls of teleportation {unknown}
 I - 2 scrolls of recharging {unknown}
 Q - a scroll of vulnerability {unknown}
Potions
 d - a potion of might
 e - 2 potions of magic
 j - 3 potions of curing
 m - a potion of mutation {unknown}
 u - 2 potions of lignification {unknown}
 v - a potion of ambrosia
 E - a potion of cancellation {unknown}
 F - 3 potions of brilliance {unknown}
 O - 2 potions of haste {unknown}
Books
 h - a book of Misfortune

   Spells                             Type                      Level
   a - Confusing Touch                Hexes                        1
   b - Confuse                        Hexes                        3
   c - Gell's Gravitas                Translocation                3
   d - Petrify                        Transmutation/Earth          4
   e - Metabolic Englaciation         Hexes/Ice                    5
   f - Yara's Violent Unravelling     Hexes/Transmutation          5
Comestibles
 f - 4 bread rations
 p - 22 fruits
 x - 2 chunks of flesh


   Skills:
 - Level 12.6 Fighting
 + Level 9.1 Maces & Flails
 + Level 2.0 Throwing
 + Level 9.4 Dodging
 + Level 5.6 Shields
 - Level 8.0 Invocations


You had 11 spell levels left.
You didn't know any spells.

Dungeon Overview and Level Annotations

Branches:
Dungeon (10/15)            Temple (0/1) D:6            Lair (1/6) D:10
    Orc (0/2) D:9

Altars:
Ashenzari
Cheibriados
Elyvilon
Hepliaklqana
Kikubaaqudgha
Okawaru
Qazlal
Uskayaw
Xom
Zin

Shops:
D:6 **:   D:7 **   D:8 *


Innate Abilities, Weirdness & Mutations

You are too large for most types of armour.
You have tough skin. (AC +1)
Your life essence is reduced to manifest your ancestor. (-10% HP)


Message History

The four-headed hydra barely misses you.
The four-headed hydra bites you!
* * * LOW HITPOINT WARNING * * *
You feel much better.
You block the four-headed hydra's attack.
The four-headed hydra bites you but does no damage. x2
You block the four-headed hydra's attack.
The four-headed hydra bites you. The four-headed hydra bites you!
* * * LOW HITPOINT WARNING * * *
The four-headed hydra bites you.
* * * LOW HITPOINT WARNING * * *
The four-headed hydra barely misses you.
Found a scroll labeled JECRON ROSM.
The four-headed hydra bites you!
* * * LOW HITPOINT WARNING * * *
The four-headed hydra bites you!
* * * LOW HITPOINT WARNING * * *
The four-headed hydra closely misses you.
The four-headed hydra bites you!
You die...

.......## .........
......... ........#
........# . .......?#
.# #....
........####.###..>.#
#@......##....#
#DH.....##....#
#.......#.....####
#..............#.#
#...............#
#...............#
#.......P....b.P##
#......†..........
#.##(.....)....†..


You could see a four-headed hydra and a hippogriff.

Vanquished Creatures
  A two-headed ogre (D:10)
  A cyclops (D:10)
  A deep elf mage (D:10)
  A spiny frog (Lair:1)
  The ghost of damerell the Caller, a novice BaSu of Cheibriados (D:5)
  2 hippogriffs
  A hornet (D:9)
  3 yaks
  A steam dragon (D:8)
  2 water moccasins
  5 orc warriors
  2 sky beasts (D:8)
  2 phantoms
  2 centaurs
  2 crocodiles (Lair:1)
  3 bullfrogs
  3 scorpions
  13 killer bees
  3 wights (D:7)
  2 howler monkeys
  A bullfrog zombie (D:10)
  2 crimson imps
  A bullfrog skeleton (D:4)
  2 centaur skeletons
  2 hounds (D:9)
  4 orc priests
  2 iguanas
  4 orc wizards
  4 worker ants
  A hound zombie (D:6)
  Robin (D:2)
  9 adders
  A shadow imp (D:9)
  2 adder skeletons
  2 worms
  3 dart slugs
  A leopard gecko (D:1)
  33 orcs
  2 ball pythons
  5 bats
  7 giant cockroaches
  7 goblins
  9 hobgoblins
  5 jackals
  2 quokkas
  3 frilled lizards
  A jackal skeleton (D:5)
  9 kobolds
  A leopard gecko skeleton (D:8)
  8 rats
185 creatures vanquished.

Vanquished Creatures (collateral kills)
  Erolcha (D:10)
  2 two-headed ogres
  The ghost of Irenicus the Grappler, a novice TrCK of Xom (D:9)
  The ghost of Quirk the Slasher, a novice DsFi of Okawaru (D:8)
  The ghost of KTyJLXy the Destroyer, a novice DrCj of Sif Muna (D:10)
  A spiny frog (Lair:1)
  3 yaks (D:9)
  A water moccasin (D:10)
  4 ice beasts
  3 sky beasts
  A black bear (D:7)
  A phantom (D:6)
  2 wolves (Lair:1)
  2 ogres
  A centaur (D:8)
  A big kobold (D:8)
  3 bullfrogs
  6 killer bees
  A wight (D:7)
  2 howler monkeys (D:8)
  A jelly (D:8)
  3 crimson imps
  A bullfrog zombie (D:7)
  3 orc priests
  3 hounds
  An iguana (D:7)
  5 orc wizards
  2 bullfrog skeletons
  2 worker ants
  A worker ant zombie (D:5)
  2 adders
  2 shadow imps
  An adder skeleton (D:4)
  A worm (D:3)
  22 orcs
  3 giant cockroaches (D:7)
  2 goblins (D:3)
  A jackal (D:3)
  5 kobolds (D:8)
  A bat (D:3)
  A rat (D:3)
101 creatures vanquished.

Vanquished Creatures (others)
  A quasit (D:10)
  8 battlemagi
  A bat (D:3)
10 creatures vanquished.

Grand Total: 296 creatures vanquished

Notes
Turn   | Place    | Note
-------+----------+-------------------------------------------
     0 | D:1      | Mesmaeker13 the Ogre Fighter began the quest for the Orb.
     0 | D:1      | Reached XP level 1. HP: 24/24 MP: 1/1
    50 | D:1      | HP: 1/24 [kobold/short sword (5)]
   458 | D:1      | Reached XP level 2. HP: 23/32 MP: 2/2
  1526 | D:2      | Noticed Robin
  1528 | D:2      | Reached XP level 3. HP: 38/40 MP: 3/3
  1536 | D:2      | Killed Robin
  1752 | D:2      | Reached skill level 5 in Fighting
  2235 | D:2      | Reached XP level 4. HP: 50/50 MP: 4/4
  2238 | D:2      | Found a hazy altar of Hepliaklqana.
  2288 | D:2      | Became a worshipper of Hepliaklqana the Forgotten
  2809 | D:3      | Noticed a hand axe
  2811 | D:3      | Noticed a hand axe
  2858 | D:3      | Found a hide-covered altar of Uskayaw.
  3164 | D:3      | Found a stormy altar of Qazlal.
  3169 | D:3      | Reached XP level 5. HP: 46/51 MP: 5/5
  3497 | D:4      | Reached skill level 1 in Invocations
  3532 | D:4      | Reached * piety under Hepliaklqana
  3572 | D:4      | Reached XP level 6. HP: 26/60 MP: 5/7
  3839 | D:4      | Reached skill level 6 in Fighting
  4722 | D:5      | Entered Level 5 of the Dungeon
  4768 | D:5      | Noticed an ice beast
  4778 | D:5      | Killed an ice beast
  4778 | D:5      | Reached XP level 7. HP: 52/68 MP: 8/8
  4817 | D:5      | Found a shattered altar of Ashenzari.
  5000 | D:5      | Noticed damerell's ghost (novice BaSu)
  5015 | D:5      | Killed damerell's ghost
  5015 | D:5      | Reached skill level 7 in Fighting
  5105 | D:5      | Reached ** piety under Hepliaklqana
  5106 | D:5      | Remembered your ancestor Xochitl as a battlemage
  5545 | D:5      | Found a white marble altar of Elyvilon.
  5619 | D:6      | Reached skill level 5 in Dodging
  5619 | D:6      | Reached XP level 8. HP: 78/78 MP: 10/10
  5817 | D:6      | Found Aruakouc's Assorted Antiques.
  5955 | D:6      | Found a staircase to the Ecumenical Temple.
  5964 | D:6      | Reached skill level 8 in Fighting
  5964 | D:6      | Reached skill level 5 in Maces & Flails
  6039 | D:6      | Found Damp's General Store.
  6164 | D:6      | Found Seliwy's Book Boutique.
  6170 | D:6      | Reached skill level 5 in Invocations
  6262 | D:7      | Found an ancient bone altar of Kikubaaqudgha.
  6283 | D:7      | Found Zin's Purification Station.
  6288 | D:7      | Found a glowing silver altar of Zin.
  6625 | D:7      | Found a shimmering altar of Xom.
  6701 | D:7      | Reached XP level 9. HP: 85/87 MP: 12/12
  6883 | D:7      | Found Eraety's Serpentskin Sales.
  6895 | D:7      | Bought 7 poisoned tomahawks for 77 gold pieces
  6895 | D:7      | Bought 3 poisoned tomahawks for 33 gold pieces
  6937 | D:7      | Reached skill level 9 in Fighting
  7441 | D:8      | Noticed Quirk's ghost (novice DsFi)
  7452 | D:8      | Killed Quirk's ghost
  7588 | D:8      | Reached *** piety under Hepliaklqana
  7623 | D:8      | Reached skill level 10 in Fighting
  7673 | D:8      | Reached XP level 10. HP: 87/99 MP: 15/15
  7717 | D:8      | Found a snail-covered altar of Cheibriados.
  7870 | D:8      | Noticed a two-headed ogre
  7876 | D:8      | Killed a two-headed ogre
  8064 | D:8      | Found Zoemaozu's Changing Room.
  8500 | D:9      | Reached skill level 11 in Fighting
  8643 | D:9      | Noticed Irenicus's ghost (novice TrCK)
  8653 | D:9      | Killed Irenicus's ghost
  8884 | D:9      | Reached XP level 11. HP: 73/108 MP: 17/17
  9480 | D:9      | Paralysed by a hornet for 1 turns
  9588 | D:9      | Reached **** piety under Hepliaklqana
  9655 | D:9      | Found an iron altar of Okawaru.
  9928 | D:9      | Found a staircase to the Orcish Mines.
 10076 | D:10     | Entered Level 10 of the Dungeon
 10098 | D:10     | Reached skill level 12 in Fighting
 10121 | D:10     | Noticed Erolcha
 10160 | D:10     | Killed Erolcha
 10308 | D:10     | Noticed KTyJLXy's ghost (novice DrCj)
 10768 | D:10     | Noticed a deep elf mage
 10778 | D:10     | Killed a deep elf mage
 10850 | D:10     | Killed KTyJLXy's ghost
 10862 | D:10     | Noticed a two-headed ogre
 10960 | D:10     | Killed a two-headed ogre
 10960 | D:10     | Reached skill level 5 in Shields
 11253 | D:10     | Found a staircase to the Lair.
 11260 | D:10     | Noticed a cyclops
 11287 | D:10     | Killed a cyclops
 11540 | D:10     | Noticed a two-headed ogre
 11549 | D:10     | Killed a two-headed ogre
 11549 | D:10     | Reached skill level 1 in Throwing
 11829 | Lair:1   | Entered Level 1 of the Lair of Beasts
 12189 | Lair:1   | Reached XP level 12. HP: 79/119 MP: 18/18
 12405 | Lair:1   | Noticed a four-headed hydra
 12429 | Lair:1   | HP: 4/119 [four-headed hydra (11)]
 12429 | Lair:1   | Mangled by a four-headed hydra

Skill      XL: |  1  2  3  4  5  6  7  8  9 10 11 12 |
---------------+-------------------------------------+-----
Maces & Flails | 2 3 4 5 6 7 9 |  9.1
Dodging        | 3 4 5 7 8 9 |  9.4
Fighting       | 5 6 7 8 10 11 12 | 12.6
Invocations    | 1 2 3 5 6 8 |  8.0
Shields        | 3 5 |  5.6
Throwing       | 1 2 |  2.0

Action                   |  1- 3 |  4- 6 |  7- 9 | 10-12 || total
-------------------------+-------+-------+-------+-------++-------
Melee: Flail             |   136 |       |   164 |   342 ||   642
       Whip              |     2 |   149 |     7 |   100 ||   258
Throw: Stone             |       |     6 |       |     2 ||     8
       Throwing net      |       |       |     1 |     2 ||     3
       Tomahawk          |       |       |       |     2 ||     2
       Large rock        |       |       |       |     1 ||     1
Invok: Ancestor Life: Ba |       |       |     1 |       ||     1
       Recall Ancestor   |       |       |       |     5 ||     5
       Idealise          |       |       |       |     2 ||     2
Evoke: Wand              |       |       |     1 |     8 ||     9
  Use: Scroll            |     5 |     1 |     5 |     4 ||    15
       Potion            |       |       |       |     2 ||     2
 Stab: Sleeping          |       |       |     1 |       ||     1
       Distracted        |       |       |     2 |     3 ||     5
  Eat: Chunk             |     4 |     8 |    10 |    15 ||    37
Armor: Robe              |    35 |    26 |    38 |    83 ||   182
Dodge: Dodged            |    54 |    60 |    70 |   165 ||   349
Block: Shield            |    45 |    52 |    72 |   169 ||   338
